 Dungeon Crawl Stone Soup version 0.13-a0-3092-g1832de8 (webtiles) character file.

357 Sachiko the Stinger (level 5, -5/35 HPs)
             Began as a Merfolk Venom Mage on Sept 17, 2013.
             Slain by Sachiko's ghost (7 damage)
             ... on Level 3 of the Dungeon on Sept 18, 2013.
             The game lasted 00:24:39 (3406 turns).

Sachiko the Stinger (Merfolk Venom Mage)            Turns: 3406, Time: 00:24:39

HP  -5/35        AC  4     Str  9      XL: 5   Next: 22%
MP   8/8         EV 15     Int 15      God:
Gold 217         SH  0     Dex 17      Spells:  3 memorised,  0 levels left

Res.Fire  : . . .   See Invis. : .   (no weapon)
Res.Cold  : . . .   Warding    : .   a - +0 robe
Life Prot.: . . .   Conserve   : .   (no shield)
Res.Poison: .       Res.Corr.  : .   (no helmet)
Res.Elec. : .       Clarity    : .   (no cloak)
Sust.Abil.: . .     Spirit.Shd : .   k - +0 pair of gauntlets
Res.Mut.  : .       Stasis     : .   e - +0 pair of orc boots
Res.Rott. : .       Flight     : .   (no amulet)
Saprovore : . . .                    h - +0,+7 ring of slaying {unknown}
                                     f - +3 ring of dexterity

@: mildly poisoned, slightly resistant to hostile enchantments, stealthy
A: change form in water, swift swim
a: no special abilities


You were on level 3 of the Dungeon.
You were not hungry.

You visited 1 branch of the dungeon, and saw 4 of its levels.

You collected 197 gold pieces.

Inventory:

Hand weapons
 i - a +0,+0 dagger (quivered)
Armour
 a - a +0 robe (worn)
 e - a +0 pair of orcish boots (worn)
 k - a +0 pair of gauntlets (worn)
Comestibles
 c - 3 bread rations
Scrolls
 g - a scroll of remove curse
 j - a scroll of identify {unknown}
Jewellery
 f - a +3 ring of dexterity (left hand)
 h - a +0,+7 ring of slaying (right hand) {unknown}
Books
 b - a Young Poisoner's Handbook

   Spells                             Type                      Level
   *Sting                             Conjuration/Poison           1
   *Cure Poison                       Poison                       2
   *Mephitic Cloud                    Conjuration/Poison/Air       3
   Olgreb's Toxic Radiance            Poison                       4
   Venom Bolt                         Conjuration/Poison           5
Magical staves
 n - a cursed staff of air {unknown}


   Skills:
 + Level 4.8 Dodging
 + Level 2.6 Stealth
 + Level 1.3 Spellcasting
 + Level 5.7 Poison Magic


You couldn't memorise any spells.
You knew the following spells:

 Your Spells              Type           Power        Failure   Level  Hunger
a - Sting                 Conj/Pois      #...         10%         1    ##.....
b - Mephitic Cloud        Conj/Pois/Air  #.......     34%         3    ####...
c - Cure Poison           Pois           ###.......   3%          2    ###....


Dungeon Overview and Level Annotations

Branches:
Dungeon (4/27)
 Temple: D:4-7

Altars:

Annotations:
D:3 Sachiko's ghost, average MfSk
D:4 glosham's ghost, average DjVM


Message History

You are poisoned.
* * * LOW HITPOINT WARNING * * *
You feel sick.
* * * LOW HITPOINT WARNING * * *
You feel sick.
Glosham's ghost points at you and mumbles some strange words.
The sting hits you!
You are more poisoned.
* * * LOW HITPOINT WARNING * * *
* * * LOW HITPOINT WARNING * * *
You feel sick.
* * * LOW HITPOINT WARNING * * *
You feel sick.
There is a stone staircase leading up here.
You aren't carrying any potions.
You climb upwards.
Level annotation: Sachiko's ghost, average MfSk
* * * LOW HITPOINT WARNING * * *
You feel sick. Sachiko's ghost hits you!
You die...

#.#
################.......#...
#.# #...................
..#
#######.###.##.#..#^.##.##
### #.......#
#......##......#
#.#####.###.##..####.##..#
#.# #.....##..# #.##..# #.#
###.####.># ##.##..# #.#
#.# #..# #...#..# #.# #@#
#..# #....... #.### ##p#
#..# #...#... #...# #..#
#..#######... ###.# #.##
#....%...%... #.# #.#
##.######.... #.# #.# #...#
#.##. ## #.# #.# #.#.#
#<##. .# #.# #.# #...#
#.##. .# #.# #.# ##.##
#.##.


You could see Sachiko's ghost.

Vanquished Creatures
  5 adders
  A giant mite (D:1)
  A worm (D:2)
  3 giant geckos
  2 orcs (D:3)
  2 ball pythons (D:2)
  3 giant cockroaches
  8 goblins
  6 hobgoblins
  4 jackals (D:3)
  8 kobolds
  2 oozes
  4 quokkas
  11 bats
  2 giant newts
  10 rats
72 creatures vanquished.

Notes
Turn   | Place    | Note
--------------------------------------------------------------
     0 | D:1      | Sachiko, the Merfolk Venom Mage, began the quest for the Orb.
     0 | D:1      | Reached XP level 1. HP: 13/13 MP: 3/3
   101 | D:1      | Reached skill level 5 in Poison Magic
   101 | D:1      | Reached XP level 2. HP: 14/19 MP: 2/4
   565 | D:1      | Reached XP level 3. HP: 22/24 MP: 3/5
   570 | D:1      | Learned a level 3 spell: Mephitic Cloud
  1592 | D:2      | Reached XP level 4. HP: 28/30 MP: 4/7
  2342 | D:3      | Reached XP level 5. HP: 24/35 MP: 3/8
  2360 | D:3      | Learned a level 2 spell: Cure Poison
  2717 | D:3      | Noticed Sachiko's ghost (average MfSk)
  3067 | D:3      | Upgraded the game from 0.13-a0-3076-g221303f to 0.13-a0-3092-g1832de8
  3372 | D:4      | Noticed glosham's ghost (average DjVM)
  3406 | D:3      | Slain by Sachiko's ghost

Action                   |  1- 3 |  4- 6 || total
-------------------------+-------+-------++-------
Melee: Unarmed           |   151 |   132 ||   283
 Cast: Sting             |    58 |    59 ||   117
       Mephitic Cloud    |     1 |       ||     1
       Cure Poison       |       |     1 ||     1
  Use: Scroll            |     3 |     4 ||     7
       Potion            |     1 |     3 ||     4
 Stab: Sleeping          |     3 |     1 ||     4
       Confused          |     1 |       ||     1
